 Dungeon Crawl Stone Soup version 0.28.0-1-gb440e238dd (webtiles) character file.

Game seed: 1538038844464636402

1047 JuozasPetrasionis the Archer (level 8, -2/69 HPs)
             Began as a Deep Elf Hunter on Feb 20, 2022.
             Was an Initiate of Gozag.
             Slain by a hornet zombie (9 damage)
             ... on level 5 of the Dungeon on Feb 21, 2022.
             The game lasted 00:50:35 (6972 turns).

JuozasPetrasionis the Archer (Deep Elf Hunter)      Turns: 6972, Time: 00:50:36

Health: -2/69      AC: 24    Str:  9    XL:     8   Next: 5%
Magic:  10/10      EV:  2    Int: 17    God:    Gozag
Gold:   326        SH:  0    Dex: 17    Spells: 7/7 levels left

rFire   . . .      SeeInvis .   j - +2 short sword (speed)
rCold   . . .      Faith    .   (no shield)
rNeg    . . .      Spirit   .   (armour currently unavailable)
rPois   +          Reflect  .   (helmet currently unavailable)
rElec   .          Harm     .   (cloak currently unavailable)
rCorr   .          Rampage  .   (gloves currently unavailable)
Will    .....      NoTele   +   (boots currently unavailable)
Stlth   +++.......              (no amulet)
HPRegen 0.21/turn               (no ring)
MPRegen 0.12/turn               (no ring)

@: tree-form
A: stationary, stasis, torment immunity, boosted hp
a: Renounce Religion, Potion Petition, Call Merchant, Bribe Branch


You were on level 5 of the Dungeon.
You worshipped Gozag.
Gozag was aware of your devotion.
You were a tree.
You visited 1 branch of the dungeon, and saw 6 of its levels.

You collected 367 gold pieces.
You paid 41 gold pieces to Gozag.

Inventory:

Hand Weapons
 a - a +1 shortbow
 e - a +2 dagger of venom
 j - a +2 short sword of speed (weapon)
Missiles
 b - 13 poisoned darts (quivered)
 d - 12 arrows
Armour
 c - a +0 leather armour (melded)
 g - a +0 pair of gloves
 o - the +1 pair of gloves of Resonance (melded) {Will++}
   (You found it on level 5 of the Dungeon)

   Will:      It greatly increases your willpower.
Jewellery
 f - a ring of positive energy
Wands
 p - a wand of mindburst (13)
 q - a wand of digging (7)
Scrolls
 k - a scroll of fear
 l - 2 scrolls of torment
 m - a scroll of enchant armour {unknown}
 r - 2 scrolls of amnesia


   Skills:
 + Level 3.2 Fighting
 + Level 3.0 Short Blades
 * Level 8.5 Bows
 * Level 6.3 Dodging
 + Level 4.9 Stealth


You had 7 spell levels left.
You didn't know any spells.
Your spell library contained the following spells:

 Spells                   Type           Power      Damage    Failure   Level
 Confusing Touch          Hex            0%         N/A       56%         3
 Yara's Violent Unravell  Hex/Tmut       0%         3d3       100%        5
 Enfeeble                 Hex            0%         N/A       100%        7


Dungeon Overview and Level Annotations

Branches:
Dungeon (6/15)             Temple (0/1) D:4

Altars:
Ashenzari
Fedhas
Gozag
Makhleb
Sif Muna
Yredelemnul

Annotations:
D:5 Sigmund


Message History

The hornet zombie is moderately damaged.
You hit the hornet zombie.
The hornet zombie is moderately damaged.
The hornet zombie hits you but does no damage.
You hit the hornet zombie.
The hornet zombie is moderately damaged.
The hornet zombie hits you!
* * * LOW HITPOINT WARNING * * *
You hit the hornet zombie.
The hornet zombie is heavily damaged.
The hornet zombie hits you.
* * * LOW HITPOINT WARNING * * *
You hit the hornet zombie.
The hornet zombie is heavily damaged.
The hornet zombie barely misses you.
You hit the hornet zombie but do no damage.
The hornet zombie is heavily damaged.
You hit the hornet zombie.
The hornet zombie is heavily damaged.
The hornet zombie hits you.
* * * LOW HITPOINT WARNING * * *
Okay, then.
It was a potion of lignification.
You turn into a tree.
The +1 pair of gloves of Resonance {Will++} melds into your body.
Your +0 leather armour melds into your body.
Your roots penetrate the ground.
The hornet zombie hits you but does no damage. x2
You hit the hornet zombie but do no damage.
The hornet zombie is heavily damaged.
You hit the hornet zombie but do no damage.
The hornet zombie is heavily damaged.
The hornet zombie hits you but does no damage.
You barely miss the hornet zombie.
The hornet zombie is heavily damaged.
The hornet zombie hits you but does no damage.
You barely miss the hornet zombie.
The hornet zombie is heavily damaged.
The hornet zombie hits you!
You die...
Your body crumbles into a pile of gold.

#..................
#....#####.#.#.#..#
#....# #...#.#.....
#....###'###@###...
#...).....##.......
#.........#####@##.
####......# #.##.
########......# #.##.
#.....♣#......# #.###
#.._..Z#......#####.###
#._8...........[.......
#.._......##...........
#.........##...........
###.......##..........#
##########..........#
############


You could see a hornet zombie.

Vanquished Creatures
  Grinder (D:5)
  An ice beast (D:5)
  A black bear (D:5)
  3 ogres
  A scorpion (D:5)
  A bullfrog zombie (D:5)
  A bullfrog skeleton (D:4)
  2 centaur skeletons
  2 hounds (D:5)
  A jelly (D:5)
  Ijyb (D:5)
  3 gnolls
  3 adders
  2 white imps (D:5)
  An ufetubus (D:5)
  2 worms
  3 dart slugs
  4 orcs (D:4)
  5 ball pythons
  6 bats
  4 endoplasms
  2 giant cockroaches (D:1)
  3 goblins (D:1)
  6 hobgoblins
  6 jackals
  4 kobolds
  6 quokkas
  4 frilled lizards
  3 rats
82 creatures vanquished.

Vanquished Creatures (others)
  12 plants (D:4)
12 creatures vanquished.

Grand Total: 94 creatures vanquished

Notes
Turn   | Place    | Note
-------+----------+-------------------------------------------
     0 | D:1      | JuozasPetrasionis the Deep Elf Hunter began the quest for
                  | the Orb.
     0 | D:1      | Reached XP level 1. HP: 12/12 MP: 3/3
   252 | D:1      | Reached XP level 2. HP: 17/17 MP: 4/4
  1028 | D:1      | Reached XP level 3. HP: 21/21 MP: 5/5
  1759 | D:2      | Reached skill level 6 in Bows
  1799 | D:2      | Reached XP level 4. HP: 24/26 MP: 6/6
  2853 | D:3      | Reached skill level 1 in Short Blades
  3058 | D:3      | Found a faded altar of an unknown god.
  3601 | D:3      | Found a blossoming altar of Fedhas.
  3820 | D:5      | Entered Level 5 of the Dungeon
  3869 | D:4      | Found an opulent altar of Gozag.
  3885 | D:4      | Became a worshipper of Gozag Ym Sagoz the Greedy
  3889 | D:4      | Noticed an ogre
  3909 | D:4      | Killed an ogre
  3910 | D:4      | Reached XP level 5. HP: 30/30 MP: 7/7
  3985 | D:4      | Found a burning altar of Makhleb.
  4112 | D:5      | Noticed an ogre
  4180 | D:4      | Found a staircase to the Ecumenical Temple.
  5258 | D:5      | Identified the +1 pair of gloves of Resonance {Will++}
  5292 | D:5      | Reached XP level 6. HP: 33/36 MP: 8/8
  5349 | D:5      | Noticed Grinder
  5369 | D:5      | Killed Grinder
  5370 | D:5      | Reached skill level 7 in Bows
  5370 | D:5      | Reached skill level 5 in Dodging
  5394 | D:5      | Noticed Ijyb
  5451 | D:5      | Found a shimmering blue altar of Sif Muna.
  5461 | D:5      | Noticed an ice beast
  5469 | D:5      | Found a broken altar of Ashenzari.
  5470 | D:5      | Found a basalt altar of Yredelemnul.
  5568 | D:5      | Reached XP level 7. HP: 15/40 MP: 9/9
  5958 | D:5      | Reached skill level 8 in Bows
  5985 | D:5      | Killed Ijyb
  6376 | D:5      | Noticed Sigmund
  6475 | D:5      | Reached XP level 8. HP: 7/46 MP: 10/10
  6972 | D:5      | Slain by a hornet zombie

Illustrated notes

Levels and vault maps discovered:
D:1:      minmay_arrival_radiant_lines, layout_loops_ring
D:2:      layout_loops_cross, st_stairs_11
D:3:      layout_basic, fedhas_altar_2, shapermc_ecumenical_altar_hornbeckon
D:4:      wad_woods_stonehenge, layout_basic, grunt_gozag_breadcrumbs,
          minmay_temple_entry_large_hall
D:5:      layout_basic, chequers_temple_overflow_statue_of_worship, uniq_ijyb,
          uniq_grinder, uniq_sigmund
D:6:      layout_gridville, mainiacjoe_overflow_boulevard

Skill      XL: |  1  2  3  4  5  6  7  8 |
---------------+-------------------------+-----
Stealth        | 2 3 4 |  4.9
Dodging        | 3 4 5 6 |  6.3
Fighting       | 2 3 |  3.2
Bows           | 6 7 8 |  8.5
Short Blades   | 1 2 3 |  3.0

Action                   |  1- 3 |  4- 6 |  7- 9 || total
-------------------------+-------+-------+-------++-------
Melee: Dagger            |    17 |       |       ||    17
       Short sword       |    31 |   128 |    87 ||   246
       Punch             |       |     2 |     1 ||     3
 Fire: Shortbow          |    30 |    75 |    45 ||   150
  Use: Potion            |     1 |     3 |     4 ||     8
       Scroll            |       |     4 |     4 ||     8
 Stab: Sleeping          |     1 |     3 |       ||     4
Armor: Leather armour    |     9 |    23 |    18 ||    50
       Skin              |       |       |     4 ||     4
Dodge: Dodged            |    29 |    68 |    44 ||   141
